 Dungeon Crawl Stone Soup version 0.26-a0-652-gafc20e3620 (webtiles) character file.

Game seed: 16664453284711711263

19 DogServant the Conjurer (level 2, -2/15 HPs)
             Began as a Tengu Conjurer on Oct 3, 2020.
             Slain by Sigmund
             ... wielding a +0 scythe
              (15 damage)
             ... on level 2 of the Dungeon.
             The game lasted 00:01:25 (1586 turns).

DogServant the Conjurer (Tengu Conjurer)            Turns: 1586, Time: 00:01:25

Health: -2/15      AC:  2    Str:  7    XL:     2   Next: 75%
Magic:  1/6        EV: 13    Int: 18    God:
Gold:   57         SH:  0    Dex: 12    Spells: 2/5 levels left

rFire    . . .     SeeInvis .   g - +0 whip
rCold    . . .     Faith    .   (no shield)
rNeg     . . .     Spirit   .   a - +0 robe
rPois    .         Reflect  .   (helmet restricted)
rElec    .         Harm     .   (no cloak)
rCorr    .         Rampage  .   (no gloves)
MR       .....                  (boots unavailable)
Stlth    ++........             e - amulet of regeneration
HPRegen  0.45/turn              c - ring of flight
MPRegen  0.10/turn              (no ring)

@: no status effects
A: beak, talons 3
a: Evoke Flight


You were on level 2 of the Dungeon.
You visited 1 branch of the dungeon, and saw 2 of its levels.

You collected 57 gold pieces.

Inventory:

Hand Weapons
 g - a +0 whip (weapon)
Armour
 a - a +0 robe (worn)
Jewellery
 c - a ring of flight (left hand)
 e - an amulet of regeneration (around neck)
Scrolls
 b - a scroll of identify {unknown}
 d - a scroll of enchant weapon {unknown}
 f - a scroll of random uselessness {unknown}
 h - a scroll of enchant armour {unknown}
 i - a scroll of amnesia {unknown}


   Skills:
 + Level 2.7 Dodging
 - Level 2.0 Stealth
 + Level 2.3 Spellcasting
 + Level 5.7 Conjurations


You had 2 spell levels left.
You knew the following spells:

 Your Spells              Type           Power        Failure   Level
a - Magic Dart            Conj           ###.         1%          1
b - Searing Ray           Conj           ###...       2%          2

Your spell library contained the following spells:

 Spells                   Type           Power        Failure   Level
 Dazzling Flash           Conj/Hex       ##....       16%         3
 Fulminant Prism          Conj/Hex       ##........   47%         4
 Iskenderun's Mystic Bla  Conj/Tloc      ##......     47%         4


Dungeon Overview and Level Annotations

Branches:
Dungeon (2/15)

Altars:

Annotations:
D:2 Sigmund


Innate Abilities, Weirdness & Mutations

You have a beak for a mouth.
You have claws for feet.


Message History

Casting: Magic Dart (safe; 1% risk of failure)
Confirm with . or Enter, or press ? or * to list all spells.
Aiming: Searing Ray (safe; 2% risk of failure)
Press: ? - help, Shift-Dir - straight line, f - Sigmund
Aim: Sigmund, wielding a +0 scythe and wearing a +0 robe The searing ray hits Sigmund!
Sigmund is moderately wounded. (Press . to maintain the ray.) Sigmund barely misses you.
The searing ray hits Sigmund!
Sigmund is heavily wounded.
Sigmund hits you from afar with a +0 scythe.
The searing ray hits Sigmund!
Sigmund is almost dead.
The searing ray hits Sigmund.
Sigmund is almost dead.
You finish channeling your searing ray.
Sigmund hits you from afar with a +0 scythe!
Ouch! That really hurt!
You die...

###
#..@####
#...†@.#
######.#
#.# #.#
#.## ..
#..## #.#
##..# ..
##.# #.#
#.##
##.#######


You could see Sigmund.

Vanquished Creatures
  A dart slug (D:1)
  4 hobgoblins
  A quokka (D:2)
  3 frilled lizards (D:1)
  5 goblins
  A kobold (D:1)
  A rat (D:2)
16 creatures vanquished.

Notes
Turn   | Place    | Note
-------+----------+-------------------------------------------
     0 | D:1      | DogServant the Tengu Conjurer began the quest for the Orb.
     0 | D:1      | Reached XP level 1. HP: 10/10 MP: 4/4
   609 | D:1      | Reached XP level 2. HP: 15/15 MP: 0/6
  1479 | D:2      | Learned a level 2 spell: Searing Ray
  1582 | D:2      | Noticed Sigmund
  1586 | D:2      | Slain by Sigmund

Illustrated notes

Levels and vault maps discovered:
D:1:      minmay_arrival_semitransparent, layout_basic, kennysheep_nondescript,
          ebering_dispersal_statue_hall
D:2:      layout_rooms, minmay_tripent, uniq_sigmund, uniq_crazy_yiuf_cottage

Action                   || total
-------------------------++-------
Melee: Unarmed           ||     8
       Kick              ||     4
       Peck              ||     2
       Whip              ||    12
 Cast: Magic Dart        ||    16
       Searing Ray       ||     1
 Stab: Sleeping          ||     3
Armor: Robe              ||     2
Dodge: Dodged            ||    11

Table legend: (Time is in decaauts)
 A = Elapsed time spent in this place.
 B = Non-inter-level travel time spent in this place.
 C = Inter-level travel time spent in this place.
 D = Time resting spent in this place.
 E = Time spent auto-exploring this place.
 F = Levels seen in this place.
 G = Mean time per level.
                   A        B        C        D        E       F      G
               +--------+--------+--------+--------+--------+-----+--------+
         Total |   1585 |   1470 |    115 |      0 |   1384 |   2 |  792.5 |
       Dungeon |   1585 |   1470 |    115 |      0 |   1384 |   2 |  792.5 |
               +--------+--------+--------+--------+--------+-----+--------+

Top non-repeatable levels by time:
     D:1: 1471 daAuts
     D:2: 114 daAuts
